 Seeded DCSS version 0.27-a0-931-g5a74e75d8f (webtiles) character file.

Game seed: 20210410 (custom seed)

57 Snicker the Sneak (level 3, -3/27 HPs)
             Began as a Demonspawn Brigand on Apr 10, 2021.
             Slain by a goblin
             ... wielding a +0 club
             ... led by Robin
              (5 damage)
             ... on level 2 of the Dungeon.
             The game lasted 00:02:36 (1000 turns).

Snicker the Sneak (Demonspawn Brigand)              Turns: 1000, Time: 00:02:36

Health: -3/27      AC:  3    Str:  8 (11) XL:     3   Next: 73%
Magic:  3/3        EV: 11    Int: 10 (12) God:
Gold:   62         SH:  0    Dex: 12 (15) Spells: 2/2 levels left

rFire    . . .     SeeInvis .   a - +2 dagger
rCold    . . .     Faith    .   (no shield)
rNeg     . . .     Spirit   .   b - +0 robe
rPois    .         Reflect  .   (no helmet)
rElec    .         Harm     .   c - +0 cloak
rCorr    .         Rampage  .   (no gloves)
Will     .....                  (no boots)
Stlth    ++........             (no amulet)
HPRegen  0.09/turn              (no ring)
MPRegen  0.08/turn              (no ring)

@: on berserk cooldown, slowed, very slow
A: hooves 1
a: no special abilities


You were on level 2 of the Dungeon.
You visited 1 branch of the dungeon, and saw 2 of its levels.

You collected 62 gold pieces.

Inventory:

Hand Weapons
 a - a +2 dagger (weapon)
Missiles
 d - 8 poisoned darts (quivered)
 e - 2 curare-tipped darts
Armour
 b - a +0 robe (worn)
 c - a +0 cloak (worn)
Scrolls
 f - a scroll of enchant armour {unknown}
 g - 3 scrolls of identify {unknown}
 j - 3 scrolls of fog {unknown}
 k - a scroll of amnesia {unknown}


   Skills:
 + Level 2.0 Fighting
 * Level 2.3 Short Blades
 + Level 1.9 Throwing
 + Level 1.1 Dodging
 * Level 4.6 Stealth


You had 2 spell levels left.
You didn't know any spells.
Your spell library was empty.

Dungeon Overview and Level Annotations

Branches:
Dungeon (2/15)

Altars:


Innate Abilities, Weirdness & Mutations

You have large cloven feet.


Message History

Things that are here:
a +0 dagger; a +0 club; a goblin corpse You puncture the goblin!
You kill the goblin!
The goblin no longer looks unusually strong.
The goblin hits you but does no damage.
Things that are here:
a +0 dagger; a +0 club; a +0 dagger You puncture the goblin!
You kill the goblin!
You hit Robin.
Robin is moderately wounded.
Robin roars a battlecry!
The goblin goes into a battle-frenzy!
You closely miss Robin.
Robin is moderately wounded.
You hit Robin. Your kick misses Robin.
Robin is heavily wounded.
Robin hits you with a +0 mace!
* * * LOW HITPOINT WARNING * * *
You puncture Robin!
You kill Robin!
The hobgoblin no longer looks unusually strong.
The goblin shoots a stone.
The stone misses you. The hobgoblin barely misses you.
The goblin hits you with a +0 club.
* * * LOW HITPOINT WARNING * * *
Items here: )) [[.
You puncture the goblin!
You kill the goblin!
You are no longer berserk.
You are exhausted.
You feel yourself slow down.
Unknown command.
The goblin hits you but does no damage.
Things that are here:
a +0 dagger; a +0 club; a +0 dagger You hit the goblin.
The goblin is severely wounded.
The goblin hits you with a +0 club.
You die...

. ... #..#.# ###.#
#)...# #.# #..###
###.# #..# #####
.##.## #..# #....
.#.#.###..# ...####
..###.†..♣♣♣♣♣ .......
.#.#.###.♣P♣P♣####g..#
###..........).)@gg.#
#######♣♣.P♣####..#
♣♣♣♣ ..# ..# ..# ..#
..# ..#


You could see a hobgoblin and 2 goblins.

Vanquished Creatures
  Robin (D:2)
  4 dart slugs
  3 ball pythons
  4 endoplasms (D:1)
  10 goblins
  5 hobgoblins (D:2)
  2 bats
  2 kobolds
  3 rats
34 creatures vanquished.

Notes
Turn   | Place    | Note
-------+----------+-------------------------------------------
     0 | D:1      | Snicker the Demonspawn Brigand began the quest for the Orb.
     0 | D:1      | Reached XP level 1. HP: 16/16 MP: 1/1
    99 | D:1      | Gained mutation: You have large cloven feet. [demonic
                  | ancestry]
    99 | D:1      | Reached XP level 2. HP: 21/22 MP: 2/2
   115 | D:1      | Reached skill level 4 in Stealth
   344 | D:1      | Found a faded altar of an unknown god.
   882 | D:2      | Reached XP level 3. HP: 26/27 MP: 3/3
   968 | D:2      | Noticed Robin
   975 | D:2      | Reached skill level 1 in Dodging
   996 | D:2      | Killed Robin
  1000 | D:2      | Slain by a goblin

Illustrated notes

Levels and vault maps discovered:
D:1:      onia_arrival_handbag, layout_basic, basic_ecumenical_altar
D:2:      layout_loops_ring, serial_forest, infiniplex_forest_clump_small,
          infiniplex_forest_lined_corner, infiniplex_forest_straight_5,
          infiniplex_forest_straight_4, infiniplex_forest_3_way,
          infiniplex_forest_straight_4, infiniplex_forest_zigzag_2,
          infiniplex_forest_end_3, infiniplex_forest_straight_5,
          minmay_heptomino_h4, uniq_robin, uniq_terence

Skill      XL: |  1  2  3 |
---------------+----------+-----
Short Blades   | 2 |  2.3
Stealth        | 4 |  4.6
Dodging        | 1 |  1.1
Fighting       | |  2.0
Throwing       | |  1.9

Action                   || total
-------------------------++-------
Melee: Dagger            ||    72
       Kick              ||    21
  Use: Potion            ||     2
 Stab: Sleeping          ||     9
Armor: Robe              ||    23
Dodge: Dodged            ||    36

Table legend: (Time is in decaauts)
 A = Elapsed time spent in this place.
 B = Non-inter-level travel time spent in this place.
 C = Inter-level travel time spent in this place.
 D = Time resting spent in this place.
 E = Time spent auto-exploring this place.
 F = Levels seen in this place.
 G = Mean time per level.
                   A        B        C        D        E       F      G
               +--------+--------+--------+--------+--------+-----+--------+
         Total |    988 |    970 |     18 |      0 |    761 |   2 |  494.0 |
       Dungeon |    988 |    970 |     18 |      0 |    761 |   2 |  494.0 |
               +--------+--------+--------+--------+--------+-----+--------+

Top non-repeatable levels by time:
     D:1: 766 daAuts
     D:2: 221 daAuts
